Map: Dusk Towers

Players

Chris (MCanning) - Winner!

  • Race: Protoss Protoss
  • League: Master

CutUrRibbon

  • Race: Zerg Zerg

VOD

Have the link to the VOD?

Description

Time

  • Played on: Nov. 14, 2015, 12:38 a.m.
  • Length: 8:11
Show
View Real Time Build Order
Export as new Build Order

Chris Protoss - Winner!

Build Orders: Nexus First 

Get SALT Encoding   

  12  0:01  Probe (Chrono Boost)  
  13  0:12  Probe (Chrono Boost)  
  14  0:21  Pylon  
  14  0:23  Probe (Chrono Boost)  
  15  0:40  Probe (Chrono Boost)  
  16  0:50  Probe (Chrono Boost)  
  17  1:00  Nexus  
  17  1:11  Gateway  
  17  1:14  Probe (Chrono Boost)  
  18  1:24  Assimilator  
  18  1:25  Probe (Chrono Boost)  
  19  1:28  Assimilator  
  19  1:35  Probe (Chrono Boost)  
  19  1:39  Pylon  
  20  1:46  Probe (Chrono Boost)  
  20  1:56  Probe (Chrono Boost)  
  20  1:58  Zealot (Chrono Boost)  
  23  2:01  Cybernetics Core  
  23  2:10  Pylon  
  23  2:20  Probe  
  23  2:22  Zealot (Chrono Boost)  
  24  2:38  Mothership Core (Chrono Boost)  
  26  2:46  Adept (Chrono Boost)  
  28  2:58  Gateway, Pylon  
  28  3:04  Probe, Warp Gate (Chrono Boost)  
  29  3:06  Probe, Pylon  
  30  3:16  Sentry (Chrono Boost), Probe  
  30  3:19  Probe  
  33  3:31  Probe  
  33  3:32  Probe  
  31  3:44  Adept (Chrono Boost)  
  31  3:48  Adept (Chrono Boost)  
  30  3:57  Probe  
  30  3:58  Probe  
  32  4:09  Probe (Chrono Boost)  
  33  4:10  Probe (Chrono Boost)  
  33  4:20  Probe (Chrono Boost)  
  33  4:21  Probe (Chrono Boost)  
  35  4:31  Probe x2 (Chrono Boost)  
  37  4:41  Probe (Chrono Boost)  
  37  4:42  Probe (Chrono Boost)  
  37  4:43  Twilight Council  
  39  4:52  Probe x2 (Chrono Boost)  
  41  5:02  Probe (Chrono Boost)  
  41  5:03  Probe (Chrono Boost)  
  41  5:06  Pylon  
  43  5:12  Probe (Chrono Boost)  
  43  5:13  Probe (Chrono Boost)  
  45  5:19  Charge (Chrono Boost)  
  45  5:21  Probe  
  45  5:24  Probe  
  45  5:27  Gateway  
  47  5:29  Gateway  
  47  5:30  Gateway  
  47  5:47  Gateway  
  47  5:49  Gateway  
  47  5:50  Gateway  
  47  5:51  Gateway  
  47  6:01  Stalker  
  47  6:02  Stalker  
  51  6:08  Probe  
  51  6:09  Pylon  
  52  6:26  Stalker  
  52  6:27  Zealot  
  52  6:28  Zealot x3  
  62  6:33  Probe  
  62  6:38  Pylon  
  63  6:45  Zealot  
  65  6:50  Zealot x3  
  71  6:56  Pylon  
  71  6:57  Zealot x2  
  75  7:05  Dark Shrine  
  75  7:14  Zealot x2  
  75  7:15  Zealot x2  
  83  7:32  Zealot x5  
  93  7:38  Pylon  
  71  7:52  Zealot x4  
  71  7:55  Probe  
  80  8:03  Zealot x3  
Show
View Real Time Build Order
Export as new Build Order

CutUrRibbon Zerg 

Build Orders: Pool First 

Get SALT Encoding   

  12  0:09  Drone x2  
  14  0:16  Extractor  
  14  0:17  Drone  
  14  0:35  Spawning Pool  
  13  0:36  Drone  
  14  0:47  Overlord  
  14  1:06  Drone  
  15  1:21  Metabolic Boost  
  15  1:22  Queen  
  15  1:23  Zergling x4  
  19  1:27  Zergling x2  
  20  1:44  Zergling x2  
  20  1:45  Evolution Chamber  
  20  1:52  Drone  
  21  2:09  Drone  
  21  2:12  Hatchery  
  21  2:15  Drone  
  22  2:23  Overlord  
  21  2:42  Zergling x2  
  21  2:43  Zergling x6  
  25  2:53  Zergling x2  
  26  3:13  Overlord  
  26  3:14  Drone  
  25  3:43  Zergling x8  
  27  3:54  Queen  
  26  3:56  Drone x6  
  32  4:08  Drone x3  
  35  4:18  Zerg Melee Weapons Level 1  
  35  4:23  Queen  
  37  4:26  Drone x2  
  37  4:27  Drone  
  37  4:30  Hatchery, Drone  
  40  4:41  Drone  
  41  4:46  Overlord  
  41  5:00  Pneumatized Carapace  
  41  5:03  Baneling Nest, Drone  
  41  5:04  Drone x4, Extractor  
  44  5:07  Drone x4  
  44  5:08  Drone  
  49  5:23  Overlord x2  
  48  5:53  Drone x2  
  48  5:54  Drone x2  
  52  6:06  Zergling x2  
  52  6:07  Roach Warren, Zergling x12  
  58  6:17  Zergling x2  
  59  6:24  Drone x4  
  59  6:25  Drone x4  
  67  6:26  Spine Crawler  
  67  6:28  Spine Crawler  
  67  6:29  Baneling  
  67  6:30  Baneling x11  
  65  6:39  Zergling x2  
  66  6:40  Zergling x8  
  70  6:47  Lair  
  70  6:48  Drone x3  
  70  6:51  Extractor  
  72  7:00  Spore Crawler  
  71  7:04  Drone x2  
  71  7:05  Overlord x4  
  73  7:11  Spore Crawler  
  73  7:13  Spore Crawler  
  71  7:22  Extractor  
  71  7:23  Drone x5  
  71  7:27  Zergling x12  
  76  7:41  Zergling x10  
  72  7:51  Zergling x12  
Tags
 
Add a new tag
Caveats
  • Supply blocks, unpowered buildings, or Contaminate may cause inaccurate times.
  • Supply counts are checked every 10 seconds.